 Dungeon Crawl Stone Soup version 0.18.1-47-g9310371 (console) character file.

1694 Kloppie the Skirmisher (level 8, -8/74 HPs)
             Began as a Black Draconian Fighter on June 20, 2016.
             Was a Follower of Okawaru.
             Killed from afar by a crimson imp (9 damage)
             ... with a wand of acid
             ... on level 6 of the Dungeon.
             The game lasted 00:12:43 (6153 turns).

Kloppie the Skirmisher (Black Draconian Fighter)    Turns: 6153, Time: 00:12:44

Health: -8/74      AC: 12    Str: 19    XL:     8   Next: 72%
Magic:  8/8        EV: 13    Int:  8    God:    Okawaru [*.....]
Gold:   121        SH:  9    Dex: 13    Spells: 0 memorised, 7 levels left

rFire  . . .     SeeInvis +     v - +0 flail
rCold  . . .     Gourm    .     (armour unavailable)
rNeg   . . .     Faith    .     b - +0 shield
rPois  .         Spirit   .     (helmet restricted)
rElec  +         Dismiss  .     (no cloak)
rCorr  .         Reflect  .     (no gloves)
SustAt .         Harm     .     h - +1 pair of boots
MR     .....                    (no amulet)
Stlth  +.........               u - ring of see invisible
                                s - +4 ring of protection

@: short of breath, glowing, not resistant to hostile enchantments, very
unstealthy
A: breathe lightning, unfitting armour, electricity resistance, cold-blooded, AC
+6
a: Breathe Lightning, Heroism, Renounce Religion


You were on level 6 of the Dungeon.
You worshipped Okawaru.
Okawaru was aware of your devotion.
You were not hungry.

You visited 1 branch of the dungeon, and saw 6 of its levels.
You also visited: Sewer.

You collected 262 gold pieces.
You spent 141 gold pieces at shops.

Inventory:

Hand Weapons
 a - a +1 morningstar of protection
 v - a +0 flail (weapon)
Armour
 b - a +0 shield (worn)
 h - a +1 pair of boots (worn)
Jewellery
 s - a +4 ring of protection (left hand)
 u - a ring of see invisible (right hand)
Scrolls
 g - 5 scrolls of remove curse
 j - 3 scrolls of teleportation
 k - a scroll of recharging
 o - 2 scrolls of enchant armour
 q - 8 scrolls of fog
 r - a scroll of magic mapping
 y - 2 scrolls of blinking
 B - a scroll of identify
Potions
 c - 2 potions of might
 e - 2 potions of heal wounds
 l - 2 potions of cancellation {unknown}
 m - a potion of lignification
 p - 3 potions of resistance {unknown}
 t - 4 potions of flight
 w - a potion of magic
 x - 2 potions of haste {unknown}
 A - a potion of ambrosia
Comestibles
 d - 5 bread rations
 f - 3 meat rations
 i - 3 beef jerkies
 n - a slice of pizza
 z - 4 chunks of flesh


   Skills:
 + Level 7.7 Fighting
 + Level 6.6 Maces & Flails
 + Level 6.6 Dodging
 - Level 3.0 Shields


You had 7 spell levels left.
You didn't know any spells.

Dungeon Overview and Level Annotations

Branches:
Dungeon (6/15)             Temple (0/1) D:4

Altars:
Ashenzari
Cheibriados
Kikubaaqudgha
Makhleb
Okawaru
Pakellas
Trog

Shops:
D:4 (   D:6 ?


Innate Abilities, Weirdness & Mutations

You can breathe wild blasts of lightning.
Your glossy black scales are hard (AC +6).
Your body does not fit into most forms of armour.
You are resistant to electric shocks.
You are cold-blooded and may be slowed by cold attacks.


Message History

The bolt of acid hits you!
The acid burns!
* * * LOW HITPOINT WARNING * * *
It is a wand of acid.
Found a stone staircase leading down.
You breathe a wild blast of lightning!
You hear a mighty clap of thunder!
You feel somewhat more hungry.
You hear a shout!
The phantom blinks!
The crimson imp hits you with a rapier.
* * * LOW HITPOINT WARNING * * *
The gnoll shaman calls down the wrath of its god upon you.
You are outlined in light.
You see here 6 gold pieces.
There is a stone staircase leading down here.
The crimson imp zaps a wand.
The bolt of acid hits you!
* * * LOW HITPOINT WARNING * * *
The acid burns!
* * * LOW HITPOINT WARNING * * *
The crimson imp zaps a wand.
The bolt of acid hits you!
You die...

..####'####<..#.#.#
#........)....#.#.#
###..###....###.#.###
##.#..........#...#
#..#...........#.#
#..#....######.#.#
#..#.#### #.#.#
...#....#########.#.#
........)....>.@....#
...#.#..#.#.5.....###
#..#.#g#######
#......# ##.##.#$###
......g.# ........#
...............
...............


You could see a gnoll shaman and a crimson imp.

Vanquished Creatures
  The ghost of Necrotakul the Covered, a novice MiGl (D:3)
  A phantom (D:5)
  An ogre (D:6)
  A centaur (D:6)
  4 giant frogs
  A scorpion (D:3)
  2 giant frog zombies (D:5)
  A quasit (D:5)
  A hound (D:4)
  2 jellies
  A centaur skeleton (D:5)
  An iguana (D:5)
  Terence (D:2)
  4 orc wizards
  A worker ant (D:4)
  Robin (D:2)
  4 gnolls (D:4)
  14 adders
  2 river rats (Sewer)
  A shadow imp (D:6)
  3 oozes
  3 worms
  2 dart slugs
  7 giant geckos
  22 orcs
  6 bats
  4 giant cockroaches
  22 goblins
  14 hobgoblins
  11 jackals
  8 kobolds
  4 quokkas
  13 ball pythons
  A giant gecko skeleton (D:4)
  7 giant newts
  A jackal skeleton (D:4)
  33 rats
  A bush (D:1)
207 creatures vanquished.

Notes
Turn   | Place    | Note
--------------------------------------------------------------
     0 | D:1      | Kloppie the Draconian Fighter began the quest for the Orb.
     0 | D:1      | Reached XP level 1. HP: 19/19 MP: 1/1
   301 | D:1      | Reached XP level 2. HP: 26/26 MP: 2/2
   904 | D:1      | Reached XP level 3. HP: 27/33 MP: 3/3
  1145 | D:2      | Noticed Terence
  1160 | D:2      | Killed Terence
  1160 | D:2      | Reached skill level 4 in Fighting
  1160 | D:2      | Reached XP level 4. HP: 26/40 MP: 4/4
  1243 | D:2      | Noticed Robin
  1299 | D:2      | Killed Robin
  2040 | D:3      | Reached XP level 5. HP: 44/47 MP: 5/5
  2169 | D:3      | Found a glowing drain.
  2183 | Sewer    | Entered a sewer
  2827 | Sewer    | Reached skill level 5 in Fighting
  2827 | Sewer    | Reached XP level 6. HP: 38/56 MP: 6/6
  3245 | D:3      | Found a faded altar to an unknown god.
  3512 | D:3      | Found a snail-covered altar of Cheibriados.
  3514 | D:3      | Noticed Necrotakul's ghost (novice MiGl)
  3523 | D:3      | Found a shattered altar of Ashenzari.
  3524 | D:3      | Found an ancient bone altar of Kikubaaqudgha.
  3528 | D:3      | Found an iron altar of Okawaru.
  3586 | D:3      | Your scales start taking on a glossy black colour.
  3586 | D:3      | Reached XP level 7. HP: 58/61 MP: 7/7
  3586 | D:3      | Gained mutation: You are resistant to electric shocks. [Black Draconian growth]
  3626 | D:3      | Killed Necrotakul's ghost
  3626 | D:3      | Reached skill level 6 in Fighting
  3626 | D:3      | Reached skill level 5 in Maces & Flails
  3626 | D:3      | Reached skill level 5 in Dodging
  4193 | D:3      | Became a worshipper of Warmaster Okawaru
  4276 | D:4      | Found an oddly glowing altar of Pakellas.
  4442 | D:4      | Found a staircase to the Ecumenical Temple.
  4468 | D:4      | Reached XP level 8. HP: 70/71 MP: 8/8
  4632 | D:4      | Found Saim's Weapon Shop.
  4655 | D:4      | Bought a +1 morningstar of protection for 141 gold pieces
  4672 | D:4      | Found a bloodstained altar of Trog.
  4697 | D:4      | Got a smoking leather armour
  4912 | D:5      | Entered Level 5 of the Dungeon
  4949 | D:5      | Found a burning altar of Makhleb.
  5469 | D:5      | Reached * piety under Okawaru
  5469 | D:5      | Reached skill level 7 in Fighting
  6134 | D:6      | Found Qaufot's Magic Scroll Shop.
  6152 | D:6      | HP: 1/74 [acid (17)]
  6153 | D:6      | Killed from afar by a crimson imp

Skill      XL: |  1  2  3  4  5  6  7  8 |
---------------+-------------------------+-----
Dodging        | 3 4 5 6 |  6.6
Fighting       | 4 5 6 7 |  7.7
Maces & Flails | 3 4 5 6 |  6.6
Shields        | |  3.0

Action                   |  1- 3 |  4- 6 |  7- 9 || total
-------------------------+-------+-------+-------++-------
Melee: Flail             |   190 |   382 |   238 ||   810
       Tailslap          |    33 |    29 |    43 ||   105
       Morningstar       |       |       |    14 ||    14
 Abil: Breathe Lightning |       |       |     2 ||     2
  Use: Scroll            |     2 |    17 |     2 ||    21
       Potion            |       |     7 |     1 ||     8
 Stab: Sleeping          |       |     1 |     2 ||     3
  Eat: Chunk             |     1 |     4 |     9 ||    14
       Meat ration       |       |     1 |       ||     1
Armor: Skin              |    32 |   181 |    71 ||   284
Dodge: Dodged            |    45 |   261 |   131 ||   437
Block: Shield            |    46 |   257 |   134 ||   437
